 Dungeon Crawl Stone Soup version 0.21.1-1-g345015fe64 (webtiles) character file.

2467 DildoBatman the Jinx (level 9, -9/67 (69) HPs)
             Began as a Formicid Enchanter on Apr 20, 2018.
             Was a Believer of Kikubaaqudgha.
             Mangled by a two-headed ogre
             ... wielding a +0 giant spiked club
              (30 damage)
             ... on level 5 of the Dungeon.
             The game lasted 00:27:58 (7182 turns).

DildoBatman the Jinx (Formicid Enchanter)           Turns: 7182, Time: 00:27:58

HP:   -9/67 (69)    AC:  8    Str: 16    XL:     9   Next: 80%
MP:   14/16         EV: 11    Int: 15    God:    Kikubaaqudgha [**....]
Gold: 351           SH:  0    Dex: 11    Spells: 9/17 levels left

rFire    . . .     SeeInvis +   a - +2 hand axe (elec)
rCold    . . .     Gourm    .   (no shield)
rNeg     + . .     Faith    .   d - +0 ring mail
rPois    .         Spirit   .   (helmet unavailable)
rElec    .         Reflect  .   (no cloak)
rCorr    .         Harm     .   C - +0 pair of gloves (curse)
MR       .....                  r - +0 pair of boots
Stlth    ++........             p - amulet of magic regeneration
HPRegen  0.21/turn              u - ring of positive energy
MPRegen  0.40/turn              (no ring)

@: no status effects
A: permanent stasis, dig shafts and tunnels, four strong arms, antennae 3
a: Dig, Shaft Self, Receive Corpses, Renounce Religion


You were on level 5 of the Dungeon.
You worshipped Kikubaaqudgha.
Kikubaaqudgha was pleased with you.
You were not hungry.

You visited 2 branches of the dungeon, and saw 8 of its levels.

You collected 351 gold pieces.

Inventory:

Hand Weapons
 a - a +2 hand axe of electrocution (weapon)
 b - a +2 short sword of protection
 f - a cursed -3 spear
 A - a cursed -3 falchion
 F - a cursed +4 mace
 G - a +0 mace of crushing
 H - a +2 dagger of draining
 I - a +0 dagger of freezing
Missiles
 e - 213 stones (quivered)
 h - 56 arrows
 j - 45 poisoned needles
 n - 14 tomahawks
 B - 30 bolts
Armour
 d - a +0 ring mail (worn)
 r - a +0 pair of boots (worn)
 C - a cursed +0 pair of gloves (worn)
 L - a +1 leather armour of cold resistance
Jewellery
 l - an uncursed ring of ice
 p - an amulet of magic regeneration (around neck)
 u - a ring of positive energy (left hand)
Scrolls
 k - 2 scrolls of remove curse {unknown}
 m - 3 scrolls of enchant armour {unknown}
 o - 2 scrolls of enchant weapon {unknown}
 q - 6 scrolls of identify {unknown}
 t - 4 scrolls of teleportation {unknown}
 x - a scroll of magic mapping {unknown}
 y - a scroll of immolation {unknown}
Potions
 g - 3 potions of flight {unknown}
 i - 4 potions of curing {unknown}
 s - a potion of ambrosia {unknown}
 w - 2 potions of mutation {unknown}
 D - 4 potions of haste {unknown}
 J - a potion of might {unknown}
 K - a potion of heal wounds {unknown}
 M - a potion of degeneration {unknown}
 N - 2 potions of brilliance {unknown}
Books
 c - a book of Maledictions

   Spells                             Type                      Level
   a - Corona                         Hexes                        1
   b - Ensorcelled Hibernation        Hexes/Ice                    2
   c - Confuse                        Hexes                        3
   d - Tukima's Dance                 Hexes                        3
   e - Dazzling Spray                 Conjuration/Hexes            3
 z - a book of Debilitation

   Spells                             Type                      Level
   a - Corona                         Hexes                        1
   b - Slow                           Hexes                        2
   c - Inner Flame                    Hexes/Fire                   3
   d - Portal Projectile              Hexes/Translocation          3
   e - Cause Fear                     Hexes                        4
   f - Leda's Liquefaction            Hexes/Earth                  4
 E - Kikubaaqudgha's Papyrus of Dark Magic
   (Kikubaaqudgha gifted it to you on level 7 of the Dungeon)

   Spells                             Type                      Level
   a - Animate Skeleton               Necromancy                   1
   b - Pain                           Necromancy                   1
   c - Sublimation of Blood           Necromancy                   2
   d - Vampiric Draining              Necromancy                   3
Comestibles
 v - 9 rations
 O - 10 chunks of flesh


   Skills:
 - Level 6.0 Fighting
 - Level 1.0 Short Blades
 - Level 5.1 Armour
 - Level 3.0 Dodging
 - Level 5.1 Stealth
 * Level 4.8 Spellcasting
 * Level 10.4 Hexes


You had 9 spell levels left.
You knew the following spells:

 Your Spells              Type           Power        Failure   Level  Hunger
a - Slow                  Hex            ####....     1%          2    ##.....
b - Confuse               Hex            ####....     1%          3    ###....
c - Corona                Hex            ####...      1%          1    None
z - Sublimation of Blood  Necr           #.........   41%         2    ##.....


Dungeon Overview and Level Annotations

Branches:
Dungeon (7/15)             Temple (1/1) D:7

Altars:
Ashenzari
Cheibriados
Dithmenos
Elyvilon
Fedhas
Hepliaklqana
Kikubaaqudgha
Makhleb
Nemelex Xobeh
Okawaru
Qazlal
Ru
Sif Muna
Trog
Uskayaw
Vehumet
Wu Jian
Xom
Yredelemnul
Zin
The Shining One

Annotations:
D:5 Oravi's ghost, novice HaHu


Innate Abilities, Weirdness & Mutations

You cannot be hasted, slowed, berserked, paralysed or teleported.
You can dig through walls and to a lower floor.
Your four strong arms can wield two-handed weapons with a shield.
You have a pair of large antennae on your head. (SInv)


Message History

Aiming: Confuse
Press: ? - help, Shift-Dir - straight line, f/p - two-headed ogre
Aim: a two-headed ogre, wielding two giant spiked clubs (confused, chance to defeat MR: 45%)
The two-headed ogre resists with some effort.
Your +2 hand axe of electrocution stops crackling.
Your +2 short sword of protection hums with potential!
b - a +2 short sword of protection (weapon)
Your +2 short sword of protection goes still.
You hear the crackle of electricity.
a - a +2 hand axe of electrocution (weapon)
You hit the two-headed ogre.
Lightning courses through the two-headed ogre!
The two-headed ogre is lightly wounded.
The two-headed ogre hits you with a giant spiked club! x2
You hit the two-headed ogre.
Lightning courses through the two-headed ogre!
The two-headed ogre is severely wounded.
The two-headed ogre hits you with a giant spiked club!!
You die...
Kikubaaqudgha rasps: "You have failed me!
Welcome... death!"

.#....# ##.## #.# #### ...####
##.## #.# #### ##.## #.# ##.##
#.# ##.###.### ##.##...#
######### ##.#.#.#
........##############..#.#
#######.........@O......#.#
...# ##################..# ##.#
### ###.### #.# ##.## #.....###
#.# ###...###.#.#...# #.#
#..)..........#.# ##.#
#.#...#.#.#.#.#.#
.#.############.##.##.#.....#.#
................#...#.....###.#


You could see a two-headed ogre (confused).

Vanquished Creatures
  2 sky beasts
  Duvessa (D:7)
  An orc warrior (D:7)
  A black bear (D:7)
  A necrophage (D:6)
  2 ogres
  2 phantoms
  The ghost of Name63 the Grave Robber, an amateur GnNe (D:3)
  5 bullfrogs
  Dowan (D:7)
  3 scorpions
  5 wights
  A howler monkey (D:5)
  A crimson imp (D:7)
  2 hounds
  A quasit (D:7)
  An orc priest (D:4)
  3 orc wizards
  A centaur skeleton (D:6)
  A bullfrog skeleton (D:6)
  An iguana (D:7)
  5 worker ants
  A killer bee zombie (D:6)
  Robin (D:2)
  5 gnolls (D:7)
  6 adders
  2 shadow imps (D:7)
  An ooze (D:3)
  3 worms
  2 dart slugs
  4 leopard geckos
  25 orcs
  4 giant cockroaches
  12 goblins
  11 hobgoblins
  7 jackals
  6 quokkas
  2 ball pythons
  8 bats
  6 frilled lizards
  5 kobolds
  A leopard gecko zombie (D:5)
  4 rats
158 creatures vanquished.

Notes
Turn   | Place    | Note
-------+----------+-------------------------------------------
     0 | D:1      | DildoBatman the Formicid Enchanter began the quest for the Orb.
     0 | D:1      | Reached XP level 1. HP: 13/13 MP: 3/3
   101 | D:1      | Reached skill level 1 in Fighting
   249 | D:1      | Reached XP level 2. HP: 18/22 MP: 5/5
   576 | D:1      | HP: 1/22 [kobold/short sword of protection (2)]
  1067 | D:2      | Reached XP level 3. HP: 23/28 MP: 6/6
  1089 | D:2      | Learned a level 3 spell: Confuse
  1277 | D:2      | Noticed Robin
  1299 | D:2      | Killed Robin
  1299 | D:2      | Reached skill level 1 in Armour
  1299 | D:2      | Reached XP level 4. HP: 27/35 MP: 7/7
  1386 | D:2      | Found a shadowy altar of Dithmenos.
  1494 | D:2      | You fall through a shaft for 2 floors!
  1494 | D:4      | Noticed a phantom
  1733 | D:4      | Reached XP level 5. HP: 41/41 MP: 6/8
  2126 | D:5      | Entered Level 5 of the Dungeon
  2227 | D:5      | Reached XP level 6. HP: 39/48 MP: 9/9
  2589 | D:5      | Noticed Oravi's ghost (novice HaHu)
  3101 | D:6      | Noticed a two-headed ogre
  3251 | D:6      | Reached skill level 5 in Fighting
  3251 | D:6      | Reached XP level 7. HP: 51/56 MP: 10/10
  4079 | D:7      | Found a staircase to the Ecumenical Temple.
  4080 | D:7      | Noticed Duvessa
  4085 | Temple   | Entered the Ecumenical Temple
  4128 | Temple   | Became a worshipper of Kikubaaqudgha
  4259 | D:7      | Killed Duvessa
  4260 | D:7      | Noticed Dowan
  4271 | D:7      | Killed Dowan
  4271 | D:7      | Reached skill level 5 in Stealth
  4271 | D:7      | Reached XP level 8. HP: 60/62 MP: 9/11
  4318 | D:7      | Reached skill level 5 in Armour
  4411 | D:7      | Reached skill level 4 in Hexes
  4447 | D:7      | Found a glowing silver altar of Zin.
  4449 | D:7      | Found a stormy altar of Qazlal.
  4454 | D:7      | Found an iron altar of Okawaru.
  4567 | D:7      | Reached skill level 5 in Hexes
  4674 | D:7      | Reached skill level 6 in Hexes
  4837 | D:7      | Reached * piety under Kikubaaqudgha
  4837 | D:7      | Identified Kikubaaqudgha's Papyrus of Dark Magic (Kikubaaqudgha gifted it to you on level 7 of the Dungeon)
  4837 | D:7      | Received a gift from Kikubaaqudgha
  4837 | D:7      | Reached skill level 7 in Hexes
  4842 | D:7      | Learned a level 2 spell: Slow
  4845 | D:7      | Learned a level 2 spell: Sublimation of Blood
  5011 | Temple   | Reached XP level 9. HP: 31/67 MP: 10/13
  5066 | Temple   | Reached skill level 8 in Hexes
  5567 | D:6      | Reached skill level 9 in Hexes
  5952 | D:4      | Reached skill level 10 in Hexes
  6164 | D:3      | Reached ** piety under Kikubaaqudgha
  6830 | D:3      | Noticed Name63's ghost (amateur GnNe)
  6856 | D:3      | Killed Name63's ghost
  7027 | D:3      | Found a snail-covered altar of Cheibriados.
  7182 | D:5      | Mangled by a two-headed ogre

Skill      XL: |  1  2  3  4  5  6  7  8  9 |
---------------+----------------------------+-----
Fighting       | 1 2 3 4 5 6 |  6.0
Dodging        | 2 3 |  3.0
Armour         | 1 3 4 5 |  5.1
Stealth        | 4 5 |  5.1
Hexes          | 7 10 | 10.4
Spellcasting   | 3 4 |  4.8
Short Blades   | |  1.0

Action                   |  1- 3 |  4- 6 |  7- 9 || total
-------------------------+-------+-------+-------++-------
Melee: Dagger            |    83 |    96 |   327 ||   506
       Short sword       |    47 |    38 |   164 ||   249
       Hand axe          |       |       |     2 ||     2
Throw: Stone             |       |       |     1 ||     1
 Cast: Corona            |    19 |    28 |    33 ||    80
       Confuse           |       |     1 |    41 ||    42
       Slow              |       |       |    15 ||    15
 Abil: Dig               |     4 |     1 |    14 ||    19
 Stab: Sleeping          |     1 |     2 |     9 ||    12
       Confused          |       |       |    21 ||    21
       Distracted        |       |       |     1 ||     1
  Eat: Chunk             |     2 |     6 |    21 ||    29
Armor: Ring mail         |    49 |    37 |   179 ||   265
Dodge: Dodged            |    70 |    74 |   276 ||   420
